Unix NetHack Version 5.0.0-0 post-release - last build May 23 2026 06:08:33 (1c0ff79ee797540d5714e4e18072db0edd9e58ae,branch:main).

Game began 2026-05-28 18:43:37, ended 2026-05-28 19:15:49.

Ch3Begorrah, chaotic male human Rogue

                                                                 ----------
                                                                 .........|
                                                                 |........|
                                                                 .....<...|
                                                                 ------|---
                                                                     ###
                                                                 ##d##
                                                                ##a@G#
                                                                 .   |
                                                                     ..
                                                                      ..|
                                                                      ..|
                                                                       .|
                                                                       .|
                                                                       --

Ch3Begorrah the Cutpurse  St:9 Dx:14 Co:18 In:14 Wi:12 Ch:10  Chaotic
Dlvl:8  $:131 HP:0(54) Pw:43(43) AC:3  Xp:5 T:2569  Fainted  Deaf

Latest messages:
 You swap places with your little dog.
 The little dog misses the gecko.
 You can hear again.
 The little dog bites the giant rat.
 The giant rat is killed!
 You faint from lack of food.
 The little dog bites it.
 The little dog misses it.
 The little dog bites the gecko.
 The gecko is killed!
 Your little dog eats a gecko corpse.
 You regain consciousness.
 You can hear again.
 You faint from lack of food.
 The little dog picks up an arrow.
 You regain consciousness.
 You swap places with your little dog.
 An arrow shoots out at you!
 You are almost hit by an arrow.
 There is an arrow trap here.
 You descend the stairs.
 H - a potion of healing.
 The gnomish wizard opens a door.
 You faint from lack of food.
 The fire ant bites!
 The fire ant bites again!
 You avoid harm.
 The gnomish wizard points at you, then curses.
 The gnomish wizard points at you, then curses.
 The fire ant bites!
 The fire ant bites again!
 You're on fire!
 The fire ant bites!
 The fire ant bites again!
 You avoid harm.
 The little dog drops an arrow.
 The gnomish wizard points at you, then curses.
 The fire ant bites!
 The fire ant just misses!
 The fire ant bites!
 The fire ant bites again!
 You're on fire!
 The gnomish wizard points at you, then curses.
 The fire ant bites!
 The fire ant bites again!
 You avoid harm.
 The gnomish wizard points at you, then curses.
 The fire ant bites!
 You die...
 Do you want your possessions identified? [ynq] (y) q

Inventory:
 Coins    ('$')
  $ - 131 gold pieces
 Weapons  (')')
  p - 7 blessed +2 shuriken
  Y - 3 +1 daggers
  b - a +0 dagger (weapon in right hand)
  h - 10 +0 daggers (at the ready)
  k - a +0 orcish dagger
  a - a +0 short sword (alternate weapon; not wielded)
 Armor    ('[')
  W - a blessed +2 shield of reflection (being worn)
  c - an uncursed +1 leather armor (being worn)
 Scrolls  ('?')
  y - a cursed scroll of blank paper
  t - 4 uncursed scrolls of confuse monster
  s - an uncursed scroll of create monster named ok
  i - an uncursed scroll of destroy armor
  x - a blessed scroll of gold detection
  G - 2 uncursed scrolls of identify
  S - an uncursed scroll of identify
 Spellbooks  ('+')
  D - an uncursed spellbook of detect unseen
  C - an uncursed spellbook of magic missile
 Potions  ('!')
  H - an uncursed potion of healing
  d - 2 uncursed potions of sickness
 Rings    ('=')
  v - an uncursed +1 ring of adornment
  z - a cursed ring of polymorph named cursed
 Wands    ('/')
  r - a wand of make invisible (0:7)
  n - a wand of secret door detection (0:6)
 Tools    ('(')
  f - an uncursed sack containing 1 item
  w - an uncursed sack containing 1 item
  g - an uncursed blindfold
  e - an uncursed lock pick
  X - an uncursed lock pick
  o - an uncursed oil lamp (lit)
 Gems/Stones  ('*')
  B - an uncursed agate stone
  A - an uncursed worthless piece of orange glass
  q - 2 uncursed worthless pieces of red glass
  j - an uncursed worthless piece of violet glass

Contents of the sack:
  53 gold pieces

Contents of the sack:
  an uncursed fluorite stone

Ch3Begorrah the Rogue's attributes:

Background:
 You were a Cutpurse, a level 5 male human Rogue.
 You were chaotic, nominally on a mission for Kos
 who was opposed by Issek (lawful) and Mog (neutral).
 You were right-handed.
 You were in the Dungeons of Doom, on level 8.
 You entered the dungeon 2569 turns ago.
 You had 173 experience points, 147 more were needed to attain level 6.

Basics:
 You had 0 out of 54 hit points.
 You had all 43 energy points (spell power).
 Your armor class was 3.
 Your wallet contained 131 zorkmids, and
 you had 53 more stashed away in your pack.
 Autopickup was on for '$!/(' plus thrown, with exceptions.

Final Characteristics:
 Your strength was 9 (base:10, limit:18/100).
 Your dexterity was 14 (limit:18).
 Your constitution was 18 (limit:18).
 Your intelligence was 14 (limit:18).
 Your wisdom was 12 (limit:18).
 Your charisma was 10 (limit:18).

Final Status:
 You were deaf.
 You were fainted due to starvation.
 You were unencumbered.
 You were wielding a dagger.
 You were skilled in dagger.

Final Attributes:
 You were piously aligned.
 You were stealthy.
 You were warded.
 You had reflection.
 You are dead.

Miscellaneous:
 You didn't encounter any bones levels.
 Total elapsed playing time was 32 minutes and 11 seconds.

Major events:
 Turn
    1: Ch3Begorrah the chaotic male human Rogue entered the dungeon
 1043: attained the rank of Cutpurse (level 3)
 1476: entered the Gnomish Mines
 2569: killed by a fire ant, while fainted from lack of food

You didn't know any spells.

Skills:
 Fighting Skills
   bare handed combat [Unskilled]
   two weapon combat  [Unskilled]
   riding             [Unskilled]
 Weapon Skills
   dagger             [Skilled]
   knife              [Unskilled]
   short sword        [Basic]
   broadsword         [Unskilled]
   long sword         [Unskilled]
   two-handed sword   [Unskilled]
   saber              [Unskilled]
   club               [Unskilled]
   mace               [Unskilled]
   morning star       [Unskilled]
   flail              [Unskilled]
   hammer             [Unskilled]
   polearms           [Unskilled]
   spear              [Unskilled]
   crossbow           [Unskilled]
   dart               [Unskilled]
   shuriken           [Unskilled]
 Spellcasting Skills
   divination spells  [Unskilled]
   escape spells      [Unskilled]
   matter spells      [Unskilled]

Voluntary challenges:
 Character rerolling was not enabled.
 You followed a strict vegan diet.
 You were an atheist.
 You never genocided any monsters.
 You never polymorphed an object.
 You never changed form.
 You used no wishes.
Achievements:
 You entered a shop.
 You attained the rank of Cutpurse.
 You entered the Gnomish Mines.

 The Dungeons of Doom: levels 1 to 8
    Level 1:
       Many fountains.
    Level 2:
       An armor shop.
    Level 3:
       A general store, some graves.
    Level 4:
       Stairs down to The Gnomish Mines.
    Level 5:
       A fountain, a sink.
    Level 6:
       Some fountains, a sink.
    Level 7:
    Level 8: <- You were here.
       Final resting place for
          you, killed by a fire ant, while fainted from lack of food.
 The Gnomish Mines:
    Level 5:


Vanquished creatures:
  a leprechaun
  a dog
  a fog cloud
  a gray ooze
  a kobold leader
  3 werejackals
 an iguana
  a coyote
  a hobgoblin
  a giant rat
  2 yellow molds
  a red mold
  a gnome
  2 geckos
  a jackal
  a fox
  a kobold
  2 goblins
  2 sewer rats
  3 grid bugs
  2 lichens
  a kobold zombie
  4 newts
35 creatures vanquished.

No species were genocided or became extinct.

Game over:
                       ----------
                      /          \
                     /    REST    \
                    /      IN      \
                   /     PEACE      \
                  /                  \
                  |   Ch3Begorrah    |
                  |      184 Au      |
                  | killed by a fire |
                  |       ant        |
                  |                  |
                  |                  |
                  |       2026       |
                 *|     *  *  *      | *
        _________)/\\_//(\/(/\)/\//\/|_)_______

Goodbye Ch3Begorrah the Rogue...

You died in The Dungeons of Doom on dungeon level 8 with 1298 points,
and 184 pieces of gold, after 2569 moves.
You were level 5 with a maximum of 54 hit points when you died.

